 Dungeon Crawl Stone Soup version 0.15.0-22-g71df38d (webtiles) character file.

3582232 Firebatgyro the Executioner (level 26, 167/188 HPs)
             Began as a Gargoyle Berserker on Sept 8, 2014.
             Was the Champion of Trog.
             Escaped with the Orb
             ... and 4 runes!
             The game lasted 01:59:27 (36509 turns).

Firebatgyro the Executioner (Gargoyle Berserker)   Turns: 36509, Time: 01:59:27

HP 167/188       AC 73     Str 33      XL: 26   Next: 68%
MP  19/28        EV 11     Int 15      God: Trog [******]
Gold 4053        SH  0     Dex 20      Spells:  0 memorised, 25 levels left

rFire  + + .     SeeInvis .     h - +6 executioner's axe (elec)
rCold  . . .     Clarity  .     o - +8 crystal plate armour "Kacankymn" {rF+ Curse}
rNeg   + . .     rCorr    .     (no shield)
rPois  +         rRot     +     d - +2 helmet {Int+3}
rElec  +         Spirit   .     L - +2 cloak "Woinuul" {rF+ Dex+1 Int+3}
SustAb .         Warding  .     u - +2 pair of fencer's gloves {EV+3 Dex+6 Slay+2}
rMut   +         Stasis   .     K - +2 pair of boots {Fly}
Gourm  .                        C - amulet of resist mutation
MR     ++...                    Q - ring of Griok {Str+3 Dex+4 Regen}
                                T - +6 ring of slaying

@: flying, very resistant to hostile enchantments, extremely unstealthy
A: able to fly continuously, big wings, dopey 1, low mp 1, magic resistance 1,
negative energy resistance 1, electricity resistance, unbreathing, petrification
resistance, rot immunity, AC +19
a: Stop Flying, Burn Spellbooks, Berserk, Trog's Hand, Brothers in Arms,
Renounce Religion
0: Orb of Zot
}: 4/15 runes: decaying, silver, abyssal, gossamer


You escaped.
You worshipped Trog.
Trog was exalted by your worship.
You were not hungry.

You visited 8 branches of the dungeon, and saw 49 of its levels.
You visited the Abyss 1 time.
You also visited: Labyrinth and Ice Cave.

You collected 6313 gold pieces.
You spent 2260 gold pieces at shops.

Inventory:

Hand weapons
 h - a +6 executioner's axe of electrocution (weapon)
 R - a +7 antimagic battleaxe
Missiles
 G - 7 javelins of returning (quivered)
Armour
 d - a +2 helmet of intelligence (worn)
 o - the cursed +8 crystal plate armour "Kacankymn" (worn) {rF+ Curse}
   (You acquired it on level 4 of the Vaults)

   It protects you from fire.
   It may recurse itself when equipped.
   It has a curse placed upon it.
 u - the +2 pair of fencer's gloves (worn) {EV+3 Dex+6 Slay+2}
   (You acquired it on level 3 of the Vaults)

   It affects your evasion (+3).
   It affects your dexterity (+6).
   It affects your accuracy and damage with ranged weapons and melee attacks
   (+2).
 K - a +2 pair of boots of flying (worn)
 L - the +2 cloak "Woinuul" (worn) {rF+ Dex+1 Int+3}
   (You bought it in a shop on level 2 of the Depths)

   It affects your intelligence (+3).
   It affects your dexterity (+1).
   It protects you from fire.
Magical devices
 p - a wand of hasting (9)
 t - a wand of teleportation (5)
 x - a wand of lightning (3)
 J - a wand of disintegration (9)
 S - a wand of digging (12)
 U - a wand of teleportation (7)
Comestibles
 c - 13 bread rations
 i - 6 royal jellies
 k - 49 fruits
 m - 2 slices of pizza
 s - 23 meat rations
 D - 5 beef jerkies
Scrolls
 b - 10 scrolls of identify
 f - 8 scrolls of teleportation
 j - a scroll of magic mapping
 q - 2 scrolls of blinking
 y - 3 scrolls of recharging
 B - 6 scrolls of fear
 H - 4 scrolls of fog
 I - 2 scrolls of enchant armour
 P - 2 scrolls of silence
 Y - 11 scrolls of remove curse
 Z - 2 scrolls of vulnerability
Jewellery
 g - an uncursed ring of protection from fire
 v - an uncursed amulet of clarity
 w - an uncursed ring of see invisible
 C - an amulet of resist mutation (around neck)
 Q - the ring of Griok (right hand) {Str+3 Dex+4 Regen}
   (You found it on level 10 of the Dungeon)

   [ring of regeneration]

   It affects your strength (+3).
   It affects your dexterity (+4).
   It increases your rate of regeneration.
 T - a +6 ring of slaying (left hand)
 V - an uncursed ring of protection from cold
 W - the ring "Groirgh" {+/*Tele Dex-1 Slay+6}
   (You found it in a labyrinth)

   [ring of teleportation]

   It causes random teleportation, and can be evoked to teleport at will.
   It affects your dexterity (-1).
   It affects your accuracy and damage with ranged weapons and melee attacks
   (+6).
Potions
 a - 2 potions of cancellation
 e - 7 potions of haste
 l - a potion of invisibility
 n - 9 potions of might
 z - 12 potions of curing
 E - 4 potions of heal wounds
 F - 5 potions of resistance
 N - 5 potions of restore abilities
Miscellaneous
 M - a phial of floods


   Skills:
 + Level 25.2 Fighting
 + Level 25.3 Axes
 + Level 24.5 Armour
 - Level 1.5 Dodging
 - Level 6.4 Evocations


You had 25 spell levels left.
You didn't know any spells.

Dungeon Overview and Level Annotations

Branches:
Dungeon (15/15)            Temple (0/1) D:6             Orc (0/4) D:10
   Lair (8/8) D:9           Swamp (5/5) Lair:6       Spider (5/5) Lair:6
  Slime (0/6) Lair:8       Vaults (5/5) D:14          Crypt (1/3) Vaults:3
 Depths (5/5) D:15            Zot (5/5) Depths:5

Altars:
Ashenzari
Cheibriados
Fedhas
Kikubaaqudgha
Makhleb
Nemelex Xobeh
Qazlal
Sif Muna
Yredelemnul
Zin
The Shining One

Shops:
D:4 *   D:8 [   D:13 !   Vaults:1 =*   Vaults:2 ?   Vaults:5 =   Depths:2 [[(

Portals:
Hell: Depths:1 Depths:3
Abyss: Depths:4
Trove: Vaults:3 (give wand of heal wounds (9))


Innate Abilities, Weirdness & Mutations

You are resistant to torment.
You are immune to poison.
You can fly continuously.
Your stone body is very resilient (AC +19).
Your wings are large and strong.
You resist negative energy.
You are resistant to electric shocks.
You can survive without breathing.
You are immune to petrification.
You are immune to rotting.
You are dopey. (Int -2)
Your magical capacity is low (-10% MP).
You are resistant to hostile enchantments.


Message History

Unknown command.
You closely miss Vongium.
Vongium is almost dead.
Vongium disappears!
You open the ynoxinul like a pillowcase!!!!
You kill the ynoxinul!
Trog accepts your kill.
The ufetubus disappears in a puff of smoke! x2
No target in view!
Unknown command.
No target in view!
No target in view!
A giant mite comes into view.
The giant mite bites you but does no damage.
You slash the giant mite!
There is a sudden explosion of sparks!
You kill the giant mite!
Trog accepts your kill.
You see here a giant mite corpse.
There is a staircase leading out of the dungeon here.
You have escaped!

##.# #...# ####.#.# #.# #####
#########.##...#
#.#..##...##########...####..#
#.#.....#.≈##.......≈....##..#
#.######...≈≈.≈≈≈......#..##.#
#.####......≈≈.≈≈≈≈≈≈%###.##.#
#.##..#..≈≈≈≈≈≈.≈≈≈≈≈≈..##...#
#.####...≈≈≈≈≈.≈.≈≈≈≈≈.##..[.#
#.###.##.≈≈≈≈..@..≈≈≈...####.#
#.##.##.≈≈≈≈≈≈..≈≈≈≈≈≈..####.#
#.#..#..≈≈..≈≈≈.≈≈≈≈≈.....##.###
#...##.≈...≈≈≈≈≈.≈≈..≈≈≈≈.##>(..
###.# ...##.≈≈≈≈....≈≈≈≈≈.######
### ..#.....≈.....≈...##
#.#.###.###.≈..### ## ##. ##.###
# ###


There were no monsters in sight!

Vanquished Creatures
  9 orbs of fire
  2 ancient liches
  Boris (Vaults:4)
  2 curse toes (Zot:5)
  the Lernaean hydra (Swamp:5)
  Margery (Depths:2)
  Norris (Spider:5)
  4 Killer Klowns
  Mennas (Vaults:4)
  6 golden dragons
  A pandemonium lord (D:3)
  Xtahua (Depths:4)
  An electric golem (Zot:5)
  Arachne (Spider:5)
  A bone dragon (Abyss:4)
  The ghost of n1000 the Phalangite, a mighty HOAr of Trog (Vaults:4)
  Asterion (Spider:5)
  3 liches
  14 tentacled monstrosities
  21 Orb Guardians (Zot:5)
  2 Ice Fiends
  4 titans (Vaults:5)
  2 quicksilver dragons
  13 tentacled starspawn
  3 Executioners
  A Shadow Fiend (D:9)
  12 storm dragons
  5 sphinxes
  A thorn hunter (Swamp:3)
  Agnes (Vaults:2)
  Frances (Spider:1)
  12 shadow dragons
  5 draconian monks
  2 tengu reavers
  5 fire giants
  An orc warlord (Vaults:2)
  2 draconian scorchers
  Maud (Lair:8)
  9 frost giants
  5 emperor scorpions
  The ghost of advil the Hoplite, a mighty HEWz of Ashenzari (Spider:3)
  7 vault wardens
  Aizul (Spider:1)
  5 ghost moths
  2 draconian knights
  Gastronok (Lair:1)
  A deep elf sorcerer (Vaults:5)
  A draconian zealot (Depths:5)
  2 draconian shifters
  Jorgrun (Vaults:3)
  A draconian annihilator (Zot:5)
  13 very ugly things
  A spriggan defender (Depths:2)
  13 stone giants
  2 vampire knights
  6 rakshasas
  3 deep elf demonologists
  5 grey draconians
  2 war gargoyles (Vaults:5)
  4 green draconians
  A draconian caller (Zot:5)
  3 lorocyprocas
  4 dire elephants
  2 purple draconians
  7 black draconians
  2 white draconians
  3 mottled draconians
  4 red draconians
  2 yellow draconians
  A deep elf annihilator (Vaults:3)
  4 pale draconians
  A deep elf death mage (Vaults:1)
  11 ettins
  2 eidola
  2 minotaurs
  2 green deaths
  11 fire dragons
  8 great orbs of eyes
  35 vault guards
  A merfolk impaler (Depths:4)
  8 yaktaur captains
  Fannar (D:12)
  7 death cobs
  5 deep elf high priests (Vaults:5)
  16 ironheart preservers
  A quicksilver dragon skeleton (Abyss:4)
  9 centaur warriors
  15 ice dragons
  4 spriggan air magi
  20 hydras
  The ghost of Erg the Unseen, a powerful SpBe of Trog (D:11)
  A death knight (Depths:2)
  20 thrashing horrors
  4 hell hogs (Abyss:5)
  3 alligators
  7 ogre magi
  3 deep troll earth magi
  A tengu warrior (D:11)
  A titan zombie (Abyss:4)
  6 deep troll shamans
  23 death yaks
  6 spriggan berserkers
  A catoblepas (Lair:8)
  3 fire crabs
  12 wretched stars
  4 deep elf knights
  A salamander mystic (Depths:1)
  3 ice devils (IceCv)
  2 shadow demons
  A sun demon (Abyss:4)
  A death drake (shapeshifter) (Abyss:4)
  7 iron trolls
  5 spatial maelstroms
  4 orb spiders (Spider:5)
  2 infernal demonspawn (Depths:5)
  An unseen horror (shapeshifter) (Vaults:2)
  12 hell knights
  22 deep trolls
  4 giant orange brains
  4 unseen horrors
  5 swamp dragons (Swamp:5)
  12 large abominations
  A giant orange brain (shapeshifter) (Depths:5)
  2 ice statues (IceCv)
  14 ironbrand convokers
  2 deep elf summoners
  A putrid demonspawn (Depths:5)
  2 hellions
  2 flayed ghosts
  A red wasp (shapeshifter) (Depths:5)
  6 deep elf conjurers
  A shadow dragon zombie (Vaults:5)
  12 orc knights
  11 hill giants
  3 necromancers
  2 wizards
  A deathcap (Zot:5)
  2 manticores
  A moth of wrath (shapeshifter) (Vaults:5)
  17 ugly things
  4 phantasmal warriors
  A shining eye (shapeshifter) (Vaults:3)
  4 harpies
  4 cyclopes
  6 griffons
  A worldbinder (Abyss:2)
  24 wolf spiders
  4 salamanders (Depths:1)
  5 sixfirhies
  The ghost of gw the Cudgeler, an experienced GrBe of Trog (D:7)
  7 orc sorcerers
  9 red wasps
  A manticore (shapeshifter) (Vaults:5)
  6 moths of wrath
  A guardian serpent (shapeshifter) (Vaults:4)
  A guardian serpent (Abyss:2)
  An octopode (shapeshifter) (Vaults:3)
  2 shining eyes (Abyss:4)
  2 iron devils
  A frost giant skeleton (Abyss:4)
  14 spiny frogs
  3 apocalypse crabs
  A feature mimic (D:13)
  3 black mambas
  2 torpor snails
  A black mamba (shapeshifter) (Vaults:5)
  12 vault sentinels
  7 komodo dragons
  6 smoke demons
  4 gargoyles
  A molten gargoyle (Depths:1)
  4 fire drakes
  An orange demon (Abyss:1)
  Psyche (D:12)
  A kobold demonologist (Vaults:1)
  A spriggan zombie (Depths:1)
  17 demonic crawlers
  An anaconda simulacrum (IceCv)
  19 yaktaurs
  7 ancient zymes
  A naga mage (D:15)
  2 efreet
  2 hell beasts
  A fire drake (shapeshifter) (Depths:2)
  2 red devils
  3 wandering mushrooms (Zot:5)
  2 hellwings
  A harpy zombie (Abyss:4)
  A polar bear (shapeshifter) (Vaults:3)
  A tengu conjurer (Depths:4)
  13 blue devils
  2 trolls
  A wind drake (shapeshifter) (Vaults:1)
  A freezing wraith (Abyss:4)
  6 giant leeches
  3 boulder beetles
  9 two-headed ogres
  9 deep elf priests
  51 raiju
  15 jumping spiders
  A minotaur skeleton (Lab)
  24 blink frogs
  A raven (shapeshifter) (Vaults:2)
  A catoblepas skeleton (D:10)
  2 bog bodies
  10 ravens
  26 slime creatures
  2 deep troll zombies (Depths:1)
  2 baby alligators (Swamp:5)
  An air elemental (Abyss:4)
  11 trapdoor spiders
  2 flying skulls (Abyss:4)
  20 redbacks
  A red wasp zombie (D:14)
  4 fire giant simulacra
  17 tarantellas
  10 chaos spawn
  A dire elephant simulacrum (IceCv)
  2 fire dragon skeletons
  A redback (shapeshifter) (Depths:2)
  6 water elementals
  2 shadows (Lab)
  A human (shapeshifter) (D:13)
  2 vampires
  3 hungry ghosts
  45 yaks
  6 wraiths
  A hippogriff (shapeshifter) (Abyss:4)
  17 vampire mosquitoes
  16 deep elf fighters
  6 ynoxinuls
  A wyvern (Lair:7)
  4 deep elf magi
  A hill giant skeleton (D:8)
  11 neqoxecs
  2 golden eyes (shapeshifter) (D:13)
  A warg (Depths:2)
  2 iron troll simulacra (IceCv)
  A human zombie (Depths:1)
  A soldier ant (D:12)
  12 water moccasins
  6 spatial vortices
  A spiny frog zombie (Abyss:4)
  9 hippogriffs
  7 swamp worms
  A harpy simulacrum (IceCv)
  5 hydra simulacra (IceCv)
  8 porcupines
  16 small abominations
  A sky beast (shapeshifter) (Vaults:3)
  2 black bears
  7 hell hounds
  A snapping turtle zombie (Abyss:4)
  8 swamp drakes
  14 spiders
  3 yellow wasps
  4 sky beasts
  16 ice beasts
  2 phantoms
  19 orc warriors
  35 ogres
  4 boggarts (Depths:1)
  4 boring beetles
  A manticore skeleton (D:13)
  Duvessa (D:8)
  12 giant frogs
  23 centaurs
  A gnoll sergeant (D:12)
  18 crocodiles
  A wyvern zombie (D:12)
  A human simulacrum (Vaults:1)
  2 cyclops zombies
  23 insubstantial wisps
  An earth elemental (Abyss:4)
  An eye of draining (Abyss:5)
  9 wights
  An elf simulacrum (Vaults:3)
  3 electric eels
  3 scorpions
  A snapping turtle simulacrum (Abyss:4)
  An eye of draining (shapeshifter) (Depths:3)
  Dowan (D:8)
  7 crimson imps
  12 killer bees
  A goliath beetle (D:6)
  15 hounds
  35 starcursed masses
  9 iguanas
  11 jellies
  9 orc priests
  2 elf zombies
  A centaur skeleton (D:7)
  2 iron imps (Abyss:4)
  3 orange rats
  11 orc wizards
  2 elf skeletons
  3 quasits
  5 worker ants
  A mottled dragon zombie (D:13)
  6 ogre zombies (D:10)
  A hound skeleton (D:9)
  A hound zombie (D:10)
  15 gnolls
  12 orc zombies
  19 adders
  66 green rats
  4 orc skeletons
  5 shadow imps
  2 white imps (Abyss:4)
  A giant mite (D:1)
  An inept item mimic (D:7)
  6 worms
  43 ufetubi
  An iguana skeleton (D:4)
  An adder skeleton (D:4)
  3 giant eyeballs
  6 giant geckos
  An ooze (D:3)
  52 orcs
  14 bats
  7 giant cockroaches
  15 goblins
  23 hobgoblins
  17 kobolds
  13 quokkas
  2 ball pythons (D:2)
  A giant gecko zombie (D:8)
  3 giant newts
  4 goblin skeletons
  A goblin zombie (D:10)
  2 hobgoblin skeletons
  4 hobgoblin zombies
  9 jackals
  A jackal skeleton (D:5)
  A lurking horror (Abyss:5)
  13 rats
  2 ballistomycetes (D:12)
  5 fungi
  13 plants
  14 starspawn tentacles
2100 creatures vanquished.

Vanquished Creatures (collateral kills)
  An iron dragon (Vaults:5)
  3 emperor scorpions (Spider:5)
  A vault warden (Vaults:5)
  A stone giant (Vaults:5)
  A deep elf annihilator (Vaults:5)
  3 hydras (Swamp:5)
  6 orb spiders
  A swamp dragon (Swamp:5)
  3 wolf spiders
  A spiny frog (Lair:2)
  A jumping spider (Spider:5)
  A blink frog (Swamp:5)
  3 tarantellas (Spider:5)
  A redback (Spider:5)
  2 yaks (Lair:8)
  A water moccasin (Lair:2)
  A swamp drake (Swamp:5)
  A crocodile (Lair:8)
32 creatures vanquished.

Vanquished Creatures (others)
  A golden dragon (Zot:5)
  A draconian scorcher (Zot:3)
  A vault warden (Vaults:3)
  A stone giant (Swamp:5)
  A black draconian (Zot:5)
  A mottled draconian (Zot:5)
  A deep troll (Swamp:5)
  A wolf spider (Spider:5)
  A troll (Spider:5)
  An ice dragon skeleton (Depths:1)
  A flying skull (Abyss:4)
  A centaur (Depths:1)
  2 spiders (Spider:5)
  A swamp drake (Abyss:2)
  2 ogres
  A lost soul (Vaults:1)
  A shadow imp (Abyss:4)
  An ufetubus (Abyss:4)
  A giant spore (D:12)
  A lurking horror (Abyss:4)
  2 plants
  23 starspawn tentacles
  277 starspawn tentacle segments
324 creatures vanquished.

Grand Total: 2456 creatures vanquished

Notes
Turn   | Place    | Note
--------------------------------------------------------------
     0 | D:1      | Firebatgyro, the Gargoyle Berserker, began the quest for the Orb.
     0 | D:1      | Reached XP level 1. HP: 14/14 MP: 1/1
    94 | D:1      | Reached XP level 2. HP: 17/19 MP: 2/2
   213 | D:1      | Acquired Trog's second power
   473 | D:1      | Reached XP level 3. HP: 23/23 MP: 3/3
   634 | D:2      | Reached skill level 4 in Axes
   932 | D:2      | Reached XP level 4. HP: 28/28 MP: 4/4
  1171 | D:2      | Found a snail-covered altar of Cheibriados.
  1418 | D:2      | Found a blossoming altar of Fedhas.
  1506 | D:3      | Reached skill level 5 in Axes
  1506 | D:3      | Reached XP level 5. HP: 32/32 MP: 5/5
  2144 | D:3      | Found a stormy altar of Qazlal.
  2414 | D:4      | Noticed a centaur
  2420 | D:4      | Killed a centaur
  2420 | D:4      | Reached XP level 6. HP: 19/39 MP: 6/6
  2732 | D:4      | Found Uzxyox's General Store.
  2737 | D:4      | Bought a potion of curing for 28 gold pieces
  2772 | D:4      | Reached skill level 6 in Axes
  2847 | D:4      | Acquired Trog's third power
  2918 | D:4      | Reached skill level 5 in Fighting
  2924 | D:4      | HP: 1/60 [orc priest/divine providence (12)]
  2926 | D:4      | Reached XP level 7. HP: 2/44 MP: 7/7
  3404 | D:5      | Entered Level 5 of the Dungeon
  3813 | D:5      | Reached skill level 7 in Axes
  3945 | D:5      | Reached XP level 8. HP: 8/52 MP: 8/8
  4573 | D:6      | Found a burning altar of Makhleb.
  4919 | D:6      | Reached skill level 8 in Axes
  4941 | D:6      | Found a staircase to the Ecumenical Temple.
  4975 | D:6      | Reached XP level 9. HP: 59/59 MP: 9/9
  5242 | D:7      | Noticed gw's ghost (experienced GrBe)
  5259 | D:7      | Killed gw's ghost
  5308 | D:7      | Reached skill level 5 in Armour
  6127 | D:8      | Reached skill level 9 in Fighting
  6308 | D:8      | Found Sial's Antique Armour Shop.
  6311 | D:8      | Bought a shiny helmet for 166 gold pieces
  6311 | D:8      | Bought a faintly humming chain mail for 351 gold pieces
  6327 | D:8      | Identified the +7 chain mail "Mnaywi" {+Blink MR+ Dex-2 Int-1} (You bought it in a shop on level 8 of the Dungeon)
  6395 | D:8      | Noticed Dowan
  6397 | D:8      | Noticed Duvessa
  6419 | D:8      | Killed Duvessa
  6419 | D:8      | Reached skill level 1 in Evocations
  6419 | D:8      | Reached XP level 10. HP: 49/66 MP: 9/11
  6440 | D:8      | Killed Dowan
  6636 | D:8      | Received a gift from Trog
  7029 | D:9      | Reached skill level 10 in Fighting
  7060 | D:9      | Found a staircase to the Lair.
  7156 | Lair:1   | Entered Level 1 of the Lair of Beasts
  7161 | Lair:1   | Reached skill level 10 in Axes
  7163 | Lair:1   | Received a gift from Trog
  7222 | Lair:1   | Reached XP level 11. HP: 73/73 MP: 18/18
  7262 | Lair:1   | Got a transparent pewter ring
  7355 | Lair:1   | Noticed Gastronok
  7370 | Lair:1   | Killed Gastronok
  7370 | Lair:1   | Reached skill level 5 in Evocations
  7409 | Lair:1   | Identified the ring "Kouwa" {Wiz rElec} (You found it on level 1 of the Lair of Beasts)
  7689 | Lair:1   | Reached skill level 11 in Fighting
  8101 | Lair:2   | Noticed a six-headed hydra
  8107 | Lair:2   | Killed a seven-headed hydra
  8155 | Lair:2   | Received a gift from Trog
  8964 | Lair:2   | Noticed an eight-headed hydra
  8971 | Lair:2   | Killed a nine-headed hydra
  8971 | Lair:2   | Reached XP level 12. HP: 65/80 MP: 21/21
  9901 | Lair:3   | Reached skill level 12 in Axes
 10329 | Lair:4   | Received a gift from Trog
 10472 | Lair:4   | Found a deep blue altar of Sif Muna.
 10769 | Lair:4   | Reached skill level 13 in Axes
 10806 | Lair:4   | Identified a scroll of acquirement
 11043 | Lair:5   | Received a gift from Trog
 11734 | Lair:6   | Found a hole to the Spider Nest.
 11801 | Lair:6   | Found a staircase to the Swamp.
 11860 | Lair:6   | Noticed a four-headed hydra
 11869 | Lair:6   | Killed an eight-headed hydra
 11869 | Lair:6   | Reached skill level 14 in Axes
 11869 | Lair:6   | Reached XP level 13. HP: 84/84 MP: 22/22
 12102 | Lair:6   | Found a glowing silver altar of Zin.
 12581 | Lair:7   | Received a gift from Trog
 12708 | Lair:8   | Entered Level 8 of the Lair of Beasts
 12715 | Lair:8   | Reached skill level 15 in Axes
 12790 | Lair:8   | Noticed Maud
 12811 | Lair:8   | Killed Maud
 13254 | Lair:8   | Reached skill level 16 in Axes
 13333 | Lair:8   | Found a staircase to the Slime Pits.
 13655 | Lair:7   | Received a gift from Trog
 14002 | D:9      | Found a deep blue altar of Sif Muna.
 14040 | D:9      | Found a glowing golden altar of the Shining One.
 14069 | D:9      | Found a basalt altar of Yredelemnul.
 14083 | D:9      | Found a sparkling altar of Nemelex Xobeh.
 14311 | D:10     | Entered Level 10 of the Dungeon
 14361 | D:10     | Gained mutation: Your wings are large and strong. [gargoyle growth]
 14361 | D:10     | Reached XP level 14. HP: 83/90 MP: 23/23
 14718 | D:10     | Found a staircase to the Orcish Mines.
 14797 | D:10     | Got a wavering amber ring
 14806 | D:10     | Identified the ring of Griok {Str+3 Dex+4 Regen} (You found it on level 10 of the Dungeon)
 14932 | D:10     | Found a deep blue altar of Sif Muna.
 15045 | D:11     | Received a gift from Trog
 15066 | D:11     | Reached skill level 17 in Axes
 15116 | D:11     | Noticed Erg's ghost (powerful SpBe)
 15125 | D:11     | Killed Erg's ghost
 15284 | D:12     | Found a labyrinth entrance.
 15315 | Lab      | Entered a labyrinth
 15573 | Lab      | Got a heavily runed wooden ring
 15573 | Lab      | Got a steaming iron ring
 15577 | D:12     | Identified the ring "Prauzier" {-Cast rN+ MR+ Dex-3} (You found it in a labyrinth)
 15597 | D:12     | Identified the ring "Groirgh" {+/*Tele Dex-1 Slay+6} (You found it in a labyrinth)
 15614 | D:12     | Noticed Fannar
 15621 | D:12     | Killed Fannar
 15697 | D:12     | Noticed Psyche
 15702 | D:12     | Killed Psyche
 16404 | D:13     | Found Qiugis' Distillery.
 16419 | D:13     | Bought a potion of berserk rage for 51 gold pieces
 16428 | D:13     | Gained mutation: You are resistant to hostile enchantments. [potion of mutation]
 16550 | D:13     | Received a gift from Trog
 16573 | D:13     | Reached skill level 10 in Armour
 17296 | D:14     | Found a gate to the Vaults.
 17300 | D:14     | Reached XP level 15. HP: 83/97 MP: 25/25
 17304 | D:14     | Reached skill level 18 in Axes
 18005 | Spider:1 | Entered Level 1 of the Spider Nest
 18005 | Spider:1 | Noticed Aizul
 18019 | Spider:1 | Killed Aizul
 18221 | Spider:1 | Noticed Frances
 18234 | Spider:1 | Killed Frances
 18259 | Spider:1 | Received a gift from Trog
 18682 | Spider:3 | Noticed advil's ghost (mighty HEWz)
 18697 | Spider:3 | Killed advil's ghost
 19069 | Spider:4 | Received a gift from Trog
 19158 | Spider:4 | Found a frozen archway.
 19196 | IceCv    | Entered an ice cave
 19777 | IceCv    | Noticed an Ice Fiend
 19783 | IceCv    | Killed an Ice Fiend
 19888 | Spider:4 | Identified a +1 rod of destruction (11/11) (You found it in a labyrinth)
 19918 | Spider:5 | Entered Level 5 of the Spider Nest
 19918 | Spider:5 | Noticed Norris
 19971 | Spider:5 | Killed Norris
 19971 | Spider:5 | Reached XP level 16. HP: 83/106 MP: 25/25
 20200 | Spider:5 | Received a gift from Trog
 20280 | Spider:5 | Noticed Asterion
 20282 | Spider:5 | Noticed a spectral weapon
 20329 | Spider:5 | Killed Asterion
 20446 | Spider:5 | Reached skill level 19 in Axes
 20488 | Spider:5 | Noticed Arachne
 20866 | Spider:5 | Got a gossamer rune of Zot
 20929 | Spider:5 | Killed Arachne
 20929 | Spider:5 | Reached skill level 15 in Fighting
 21304 | Swamp:1  | Entered Level 1 of the Swamp
 21391 | Swamp:3  | Received a gift from Trog
 21428 | Swamp:3  | Noticed a thorn hunter
 21437 | Swamp:3  | Killed a thorn hunter
 21544 | Swamp:3  | Reached XP level 17. HP: 113/113 MP: 26/26
 21658 | Swamp:5  | Entered Level 5 of the Swamp
 22264 | Swamp:5  | Noticed the 27-headed Lernaean hydra
 22271 | Swamp:5  | Killed the 26-headed Lernaean hydra
 22420 | Swamp:5  | Received a gift from Trog
 22449 | Swamp:5  | Got a decaying rune of Zot
 23148 | Vaults:1 | Entered Level 1 of the Vaults
 23264 | Vaults:1 | Found Cimp's Assorted Antiques.
 23392 | Vaults:1 | Reached skill level 15 in Armour
 23660 | Vaults:1 | Received a gift from Trog
 23745 | Vaults:1 | Reached skill level 20 in Axes
 24028 | Vaults:1 | Reached XP level 18. HP: 85/122 MP: 27/27
 24280 | Vaults:1 | Found Thraso Nalai's Jewellery Emporium.
 24568 | Vaults:2 | Got a brightly glowing chain mail
 24569 | Vaults:2 | Identified the cursed -1 chain mail of Croin {Slay-1} (You found it on level 2 of the Vaults)
 24691 | Vaults:2 | Received a gift from Trog
 24720 | Vaults:2 | Found Zelu's Magic Scroll Shop.
 24755 | Vaults:2 | Bought a scroll of brand weapon for 360 gold pieces
 24755 | Vaults:2 | Bought a scroll of vulnerability for 135 gold pieces
 24755 | Vaults:2 | Bought a scroll of enchant armour for 135 gold pieces
 24795 | Vaults:2 | Noticed Agnes
 24945 | Vaults:2 | Killed Agnes
 25020 | Vaults:2 | Received a gift from Trog
 25796 | Vaults:3 | Found a portal to a secret trove of treasure.
 26010 | Vaults:3 | Noticed Jorgrun
 26018 | Vaults:3 | Killed Jorgrun
 26124 | Vaults:3 | Reached XP level 19. HP: 117/129 MP: 28/28
 26159 | Vaults:3 | Received a gift from Trog
 26429 | Vaults:3 | Found a staircase to the Crypt.
 26429 | Vaults:3 | Found a basalt altar of Yredelemnul.
 26430 | Vaults:3 | Found an ancient bone altar of Kikubaaqudgha.
 26436 | Crypt:1  | Entered Level 1 of the Crypt
 26498 | Vaults:4 | Noticed Boris
 26505 | Vaults:4 | Killed Boris
 26708 | Vaults:4 | Noticed Mennas
 26771 | Vaults:4 | Killed Mennas
 26885 | Vaults:4 | Noticed n1000's ghost (mighty HOAr)
 26897 | Vaults:4 | Killed n1000's ghost
 26977 | Vaults:4 | Received a gift from Trog
 27065 | Vaults:4 | Reached skill level 21 in Axes
 27471 | Vaults:4 | Got a pitted crystal plate armour
 27473 | Vaults:4 | Identified the +8 crystal plate armour "Kacankymn" {rF+ Curse} (You acquired it on level 4 of the Vaults)
 27671 | Vaults:5 | Entered Level 5 of the Vaults
 27688 | Vaults:5 | Reached XP level 20. HP: 137/137 MP: 28/28
 27711 | Vaults:5 | Received a gift from Trog
 28001 | Vaults:5 | Noticed a golden dragon
 28021 | Vaults:5 | Killed a golden dragon
 28180 | Vaults:5 | Identified a +2 rod of striking (10/10) (You found it on level 5 of the Vaults)
 28335 | Vaults:5 | Received a gift from Trog
 28420 | Vaults:5 | Noticed an ancient lich
 28424 | Vaults:5 | Found Ineiteun's Jewellery Boutique.
 28432 | Vaults:5 | Killed an ancient lich
 28483 | Vaults:5 | Bought an uncursed amulet of clarity for 260 gold pieces
 28487 | Vaults:5 | Got a silver rune of Zot
 28630 | Vaults:5 | Reached XP level 21. HP: 93/145 MP: 29/29
 28761 | Vaults:5 | Received a gift from Trog
 28861 | Vaults:5 | Noticed a golden dragon
 28873 | Vaults:5 | Killed a golden dragon
 28984 | Vaults:3 | Reached skill level 22 in Axes
 29130 | D:15     | Entered Level 15 of the Dungeon
 29251 | D:15     | Found a staircase to the Depths.
 29273 | Depths:1 | Entered Level 1 of the Depths
 29362 | Depths:1 | Received a gift from Trog
 29766 | Depths:1 | Found a shattered altar of Ashenzari.
 29979 | Depths:1 | Found a gateway to Hell.
 30112 | Depths:1 | Received a gift from Trog
 30183 | Depths:2 | Cast into the Abyss (lich)
 30203 | Abyss:1  | Got a smoking pewter ring
 30204 | Abyss:1  | Identified the ring "Reudway" {Ice Str+3 Int-3} (You found it on level 1 of the Abyss)
 30431 | Abyss:1  | Found a corrupted altar of Lugonu.
 30538 | Abyss:2  | Found a corrupted altar of Lugonu.
 30559 | Abyss:2  | Found a shimmering altar of Xom.
 30560 | Abyss:2  | Found a shimmering altar of Xom.
 30560 | Abyss:2  | Found a shimmering altar of Xom.
 30560 | Abyss:2  | Found a shimmering altar of Xom.
 30565 | Abyss:2  | Found a shimmering altar of Xom.
 30565 | Abyss:2  | Found a shimmering altar of Xom.
 30565 | Abyss:2  | Found a shimmering altar of Xom.
 30566 | Abyss:2  | Found a shimmering altar of Xom.
 30567 | Abyss:2  | Found a shimmering altar of Xom.
 30567 | Abyss:2  | Found a shimmering altar of Xom.
 30567 | Abyss:2  | Found a shimmering altar of Xom.
 30567 | Abyss:2  | Found a corrupted altar of Lugonu.
 30567 | Abyss:2  | Found a shimmering altar of Xom.
 30567 | Abyss:2  | Found a shimmering altar of Xom.
 30567 | Abyss:2  | Found a shimmering altar of Xom.
 30567 | Abyss:2  | Found a shimmering altar of Xom.
 30568 | Abyss:2  | Found a shimmering altar of Xom.
 30568 | Abyss:2  | Found a shimmering altar of Xom.
 30568 | Abyss:2  | Found a shimmering altar of Xom.
 30647 | Abyss:2  | Found a shimmering altar of Xom.
 30647 | Abyss:2  | Found a shimmering altar of Xom.
 30647 | Abyss:2  | Found a shimmering altar of Xom.
 30648 | Abyss:2  | Found a shimmering altar of Xom.
 30648 | Abyss:2  | Found a shimmering altar of Xom.
 30649 | Abyss:2  | Found a shimmering altar of Xom.
 30649 | Abyss:2  | Found a shimmering altar of Xom.
 30649 | Abyss:2  | Found a shimmering altar of Xom.
 30649 | Abyss:2  | Found a shimmering altar of Xom.
 30649 | Abyss:2  | Found a shimmering altar of Xom.
 30649 | Abyss:2  | Found a shimmering altar of Xom.
 30649 | Abyss:2  | Found a shimmering altar of Xom.
 30649 | Abyss:2  | Found a shimmering altar of Xom.
 30649 | Abyss:2  | Found a shimmering altar of Xom.
 30651 | Abyss:2  | Found a shimmering altar of Xom.
 30662 | Abyss:2  | Found a shimmering altar of Xom.
 30691 | Abyss:2  | Found a shimmering altar of Xom.
 30984 | Abyss:3  | Found a corrupted altar of Lugonu.
 30995 | Abyss:3  | Reached XP level 22. HP: 153/153 MP: 29/29
 31012 | Abyss:3  | Found a roughly hewn altar of Beogh.
 31060 | Abyss:4  | Received a gift from Trog
 31706 | Abyss:4  | Received a gift from Trog
 31744 | Abyss:4  | Paralysed by accursed screaming for 1 turns
 31751 | Abyss:4  | Found a corrupted altar of Lugonu.
 31904 | Abyss:4  | Found a corrupted altar of Lugonu.
 31915 | Abyss:4  | Got an abyssal rune of Zot
 32067 | Abyss:5  | Entered Level 5 of the Abyss
 32125 | Abyss:5  | Found a corrupted altar of Lugonu.
 32266 | Abyss:5  | Reached skill level 23 in Axes
 32284 | Abyss:5  | Received a gift from Trog
 32323 | Abyss:5  | Paralysed by accursed screaming for 1 turns
 32344 | Depths:2 | Escaped the Abyss
 32352 | Depths:2 | Reached XP level 23. HP: 149/161 MP: 30/30
 32487 | Depths:2 | Found Kunietz's Weapon Shoppe.
 32534 | Depths:2 | Paralysed by a giant eyeball for 4 turns
 32567 | Depths:2 | Noticed Margery
 32576 | Depths:2 | Killed Margery
 32625 | Depths:2 | Found Friew's Armour Boutique.
 32643 | Depths:2 | Bought the +2 cloak "Woinuul" {rF+ Dex+1 Int+3} for 774 gold pieces
 32661 | Depths:2 | Paralysed by a great orb of eyes for 5 turns
 32795 | Depths:2 | Found Vael's Armour Shop.
 32807 | Depths:2 | Paralysed by a giant eyeball for 2 turns
 32921 | Depths:5 | Entered Level 5 of the Depths
 32971 | Depths:5 | Received a gift from Trog
 33207 | Depths:4 | Found a one-way gate to the infinite horrors of the Abyss.
 33208 | Depths:4 | Noticed Xtahua
 33213 | Depths:4 | Killed Xtahua
 33683 | Depths:5 | Reached XP level 24. HP: 115/169 MP: 31/31
 33832 | Depths:5 | Found a gate to the Realm of Zot.
 33863 | Depths:5 | Received a gift from Trog
 33953 | Zot:1    | Entered Level 1 of the Realm of Zot
 33953 | Zot:1    | Noticed an orb of fire
 33964 | Zot:1    | Killed an orb of fire
 34232 | Zot:3    | Noticed an ancient lich
 34245 | Zot:3    | Reached skill level 24 in Axes
 34253 | Zot:3    | Killed an ancient lich
 34703 | Zot:5    | Entered Level 5 of the Realm of Zot
 34717 | Zot:5    | Reached XP level 25. HP: 155/178 MP: 31/31
 34974 | Zot:5    | Noticed a curse toe
 35000 | Zot:5    | Killed a curse toe
 35065 | Zot:5    | Received a gift from Trog
 35112 | Zot:5    | Noticed an orb of fire
 35155 | Zot:5    | Killed an orb of fire
 35254 | Zot:5    | Noticed an orb of fire
 35257 | Zot:5    | Gained mutation: You are dopey. (Int -2) [an orb of fire]
 35259 | Zot:5    | Noticed an orb of fire
 35273 | Zot:5    | Killed an orb of fire
 35273 | Zot:5    | Killed an orb of fire
 35278 | Zot:5    | Noticed a curse toe
 35280 | Zot:5    | Noticed an orb of fire
 35282 | Zot:5    | Killed a curse toe
 35286 | Zot:5    | Killed an orb of fire
 35292 | Zot:5    | Noticed an orb of fire
 35297 | Zot:5    | Killed an orb of fire
 35384 | Zot:5    | Noticed an orb of fire
 35394 | Zot:5    | Killed an orb of fire
 35394 | Zot:5    | Reached XP level 26. HP: 144/186 MP: 32/32
 35434 | Zot:5    | Reached skill level 25 in Axes
 35447 | Zot:5    | Noticed an orb of fire
 35468 | Zot:5    | Killed an orb of fire
 35533 | Zot:5    | Got the Orb of Zot
 35574 | Zot:5    | Noticed an orb of fire
 35588 | Zot:5    | Gained mutation: Your magical capacity is low (-10% MP). [an orb of fire]
 35592 | Zot:5    | Killed an orb of fire
 35596 | Zot:5    | Noticed Prenujiz the pandemonium lord
 35641 | Zot:5    | Noticed an ancient lich
 35941 | Depths:3 | Received a gift from Trog
 36428 | D:3      | Noticed Ezias the pandemonium lord
 36437 | D:3      | Killed Ezias the pandemonium lord
 36477 | D:1      | Noticed Vongium the pandemonium lord
 36509 | D:$      | Escaped with the Orb!

Action                   |  1- 3 |  4- 6 |  7- 9 | 10-12 | 13-15 | 16-18 | 19-21 | 22-24 | 25-27 || total
-------------------------+-------+-------+-------+-------+-------+-------+-------+-------+-------++-------
Melee: Hand axe          |    97 |    64 |       |       |       |       |       |       |       ||   161
       War axe           |       |   107 |   343 |    52 |       |       |       |       |       ||   502
       Executioner's axe |       |       |       |   525 |   757 |   727 |   806 |  1182 |   386 ||  4383
       Battleaxe         |       |       |       |       |   329 |   118 |       |       |       ||   447
Invok: Berserk           |     1 |     3 |     5 |     7 |    11 |    17 |     9 |     5 |     4 ||    62
       Trog's Hand       |       |     1 |     1 |     1 |     1 |     8 |     6 |    12 |    10 ||    40
       Burn Spellbooks   |       |       |       |     3 |       |     2 |     2 |     2 |     1 ||    10
       Brothers in Arms  |       |       |       |     2 |     2 |     8 |     2 |       |     1 ||    15
 Abil: Fly               |       |       |       |       |     1 |       |       |       |       ||     1
Evoke: Wand              |       |     1 |     1 |     2 |     4 |    12 |     1 |     2 |     1 ||    24
  Use: Scroll            |       |     7 |     3 |    15 |    18 |    19 |    11 |     9 |       ||    82
       Potion            |       |       |       |       |     2 |     9 |     2 |       |       ||    13
 Stab: Distracted        |       |       |       |     1 |       |       |       |     1 |       ||     2
       Invisible         |       |       |       |       |       |       |       |     2 |       ||     2
  Eat: Chunk             |     1 |     9 |    16 |    27 |    21 |    34 |    17 |    13 |     6 ||   144
       Beef jerky        |       |       |     1 |       |       |     3 |     2 |       |       ||     6
       Pizza             |       |       |       |       |     3 |     2 |       |       |       ||     5
       Bread ration      |       |       |       |       |     5 |     2 |     4 |     3 |     2 ||    16
       Meat ration       |       |       |       |       |     1 |       |       |       |       ||     1
